 Dungeon Crawl Stone Soup version 0.28.0 (webtiles) character file.

Game seed: 10969687013870931825

153 Ijustatesigmund the Skirmisher (level 5, 0/34 HPs)
             Began as a Gargoyle Fighter on Feb 14, 2022.
             Slain by a river rat (6 damage)
             ... in a sewer.
             The game lasted 00:04:51 (3013 turns).

Ijustatesigmund the Skirmisher (Gargoyle Fighter)   Turns: 3013, Time: 00:04:52

Health: 0/34       AC: 14    Str: 22    XL:     5   Next: 35%
Magic:  5/5        EV:  7    Int:  8    God:
Gold:   36         SH:  4    Dex:  9    Spells: 4/4 levels left

rFire   . . .      SeeInvis .   a - +0 flail
rCold   . . .      Faith    .   c - +0 buckler
rNeg    + . .      Spirit   .   b - +1 chain mail
rPois   ∞          Reflect  .   (no helmet)
rElec   +          Harm     .   (no cloak)
rCorr   .          Rampage  .   (no gloves)
Will    .....                   (no boots)
Stlth   ..........              (no amulet)
HPRegen 0.11/turn               (no ring)
MPRegen 0.09/turn               (no ring)

@: no status effects
A: sickness immunity, AC +4, negative energy resistance 1, electricity
resistance, torment resistance 1, petrification resistance
a: no special abilities


You were in a sewer.
You visited 1 branch of the dungeon, and saw 3 of its levels.
You also visited: Sewer.

You collected 116 gold pieces.
You spent 80 gold pieces at shops.

Inventory:

Hand Weapons
 a - a +0 flail (weapon)
Armour
 b - a +1 chain mail (worn)
 c - a +0 buckler (worn)
Jewellery
 g - a +6 ring of strength
Scrolls
 e - 2 scrolls of enchant armour
 h - a scroll of teleportation
 i - a scroll of fear {unknown}
 j - a scroll of brand weapon {unknown}
Potions
 d - a potion of might
 f - a potion of haste


   Skills:
 + Level 4.5 Fighting
 * Level 4.5 Maces & Flails
 - Level 3.2 Armour
 - Level 3.2 Shields


You had 4 spell levels left.
You didn't know any spells.
Your spell library contained the following spells:

 Spells                   Type           Power      Damage    Failure   Level
 Magic Dart               Conj           0%         1d3       99%         1
 Call Imp                 Summ           0%         N/A       100%        2
 Mephitic Cloud           Conj/Pois/Air  0%         N/A       100%        3


Dungeon Overview and Level Annotations

Branches:
Dungeon (3/15)              Sewer (1/1)

Altars:
Kikubaaqudgha
Qazlal

Shops:
D:1 [(*=*   D:2 (

Annotations:
D:3 1 transporter


Innate Abilities, Weirdness & Mutations

You are immune to sickness and miasma.
Your stone body is resilient. (AC +4)
You are immune to poison.
You resist negative energy. (rN+)
You are resistant to electric shocks. (rElec)
You are resistant to unholy torment.
You are immune to petrification.


Message History

You hit the river rat but do no damage.
The river rat is almost dead.
The river rat bites you.
The river rat bites you but does no damage. x2
You hit the river rat.
You kill the river rat!
The river rat bites you but does no damage.
You barely miss the river rat. The jackal barely misses you.
The river rat bites you but does no damage.
The jackal splashes around in the water.
You barely miss the river rat.
The jackal bites you but does no damage.
The river rat bites you but does no damage.
The jackal splashes around in the water.
The river rat bites you but does no damage.
You closely miss the river rat.
The jackal splashes around in the water.
The river rat barely misses you.
The jackal bites you but does no damage.
You hit the river rat.
The river rat is lightly wounded.
The jackal splashes around in the water.
The river rat bites you.
You hit the river rat.
The river rat is moderately wounded.
The jackal barely misses you.
The river rat bites you but does no damage.
The jackal barely misses you.
You closely miss the river rat.
The river rat is moderately wounded.
The jackal bites you but does no damage.
The river rat bites you but does no damage.
The jackal splashes around in the water.
The river rat bites you!
* * * LOW HITPOINT WARNING * * *
You closely miss the river rat.
The river rat is moderately wounded.
The jackal bites you but does no damage.
The river rat bites you.
You die...

.≈≈..≈... ≈...≈.#
≈≈.≈.≈ #####.≈≈##
≈≈≈≈≈....# #≈###P
##..†≈## #≈##PP
#≈.≈≈≈K# #≈##.#
#≈≈..hr# #≈#P.≈
######@## #≈#..######
#≈≈≈≈≈.≈###≈#....≈≈≈#
######.≈≈##≈#.∩.≈≈≈≈#
#≈....≈...#≈#.∩.≈≈≈##
#.≈≈≈.≈.≈.#≈#...≈≈≈≈#
#..≈≈≈≈≈≈≈.....≈≈≈###
..PP.......P....≈≈##
##..P.####≈....####
##### #######


You could see a river rat, a jackal and a kobold.

Vanquished Creatures
  4 gnolls (D:3)
  3 river rats
  2 adders (D:2)
  A worm (D:2)
  2 dart slugs
  5 ball pythons
  7 endoplasms
  2 giant cockroaches
  4 goblins
  7 hobgoblins
  5 jackals
  2 quokkas
  2 bats
  2 frilled lizards
  7 kobolds
  3 rats
58 creatures vanquished.

Vanquished Creatures (others)
  9 plants (Sewer)
9 creatures vanquished.

Grand Total: 67 creatures vanquished

Notes
Turn   | Place    | Note
-------+----------+-------------------------------------------
     0 | D:1      | Ijustatesigmund the Gargoyle Fighter began the quest for
                  | the Orb.
     0 | D:1      | Reached XP level 1. HP: 14/14 MP: 1/1
   314 | D:1      | Reached XP level 2. HP: 17/19 MP: 2/2
   619 | D:1      | Found Qoresk's Antique Weapon Boutique.
   641 | D:1      | Found a faded altar of an unknown god.
   717 | D:1      | Found Rawn's General Store.
   723 | D:1      | Bought 2 scrolls of identify for 44 gold pieces
   821 | D:1      | Reached XP level 3. HP: 17/24 MP: 3/3
  1007 | D:1      | Found Kijo's Armour Boutique.
  1114 | D:1      | Found Cazatz's Assorted Antiques.
  1148 | D:1      | Bought a scroll labelled FILUIT PUMMIUSH for 19 gold pieces
  1148 | D:1      | Bought a fuming orange potion for 17 gold pieces
  1211 | D:1      | Found Mifocsof's Jewellery Emporium.
  1941 | D:2      | Reached XP level 4. HP: 29/29 MP: 4/4
  2180 | D:2      | Found Oserphus's Antique Weapon Shop.
  2445 | D:3      | Found an ancient bone altar of Kikubaaqudgha.
  2459 | D:3      | Found a transporter.
  2566 | D:3      | Reached XP level 5. HP: 32/34 MP: 5/5
  2584 | D:3      | Found a stormy altar of Qazlal.
  2658 | D:3      | Found a glowing drain.
  2685 | Sewer    | Entered a sewer
  3013 | Sewer    | Slain by a river rat

Illustrated notes

Levels and vault maps discovered:
D:1:      psy_arrival_conway, layout_loops_cross,
          hellmonk_ecumenical_altar_slurped_away, serial_shops,
          nicolae_lakefront_shop, shop, nicolae_shop_window_shopping, shop, shop
D:2:      layout_loops_ring, serial_shops, nicolae_shop_waterfront
D:3:      layout_loops_ring, kiku_gazebo_garden_becter,
          nicolae_qazlal_general_emergency, gammafunk_ghost_stat_death,
          portal_sewer_entry_a, st_stairs_8, minmay_ruptured
Sewer:    sewer_co_scattered_pipes

Skill      XL: |  1  2  3  4 |
---------------+-------------+-----
Maces & Flails | 3 4 |  4.5
Fighting       | 4 |  4.5
Armour         | |  3.2
Shields        | |  3.2

Action                   |  1- 3 |  4- 6 || total
-------------------------+-------+-------++-------
Melee: Flail             |   124 |   114 ||   238
  Use: Scroll            |     5 |     1 ||     6
       Potion            |       |     3 ||     3
Armor: Scale mail        |    10 |       ||    10
       Chain mail        |    74 |    93 ||   167
Dodge: Dodged            |    55 |    59 ||   114
Block: Buckler           |    35 |    25 ||    60
